 Dungeon Crawl Stone Soup version 0.26.0-10-g1f06aea511 (webtiles) character file.

Game seed: 18441353791905211040

3546 MajorAdolf the Chopper (level 10, -3/92 HPs)
             Began as a Naga Wanderer on Jan 16, 2021.
             Slain by an orc warrior (9 damage)
             ... in a bailey.
             The game lasted 00:15:05 (9331 turns).

MajorAdolf the Chopper (Naga Wanderer)              Turns: 9331, Time: 00:15:05

Health: -3/92      AC: 11    Str: 15    XL:     10   Next: 9%
Magic:  10/10      EV:  9    Int: 16    God:
Gold:   379        SH:  4    Dex: 10    Spells: 9/9 levels left

rFire    . . .     SeeInvis +   m - +4 war axe (freeze) (curse)
rCold    . . .     Faith    .   v - +0 buckler
rNeg     . . .     Spirit   .   C - +1 chain mail of the Valley {rPois}
rPois    +         Reflect  .   (no helmet)
rElec    .         Harm     .   D - +0 cloak
rCorr    .         Rampage  .   (no gloves)
Will     +....     Clarity  +   (no barding)
Stlth    ..........             u - amulet of regeneration
HPRegen  0.65/turn              f - ring of wizardry
MPRegen  0.12/turn              o - +4 ring of evasion

@: invisible, very slow
A: large, see invisible, clarity, deformed body, mutation resistance 1, poison
resistance, slowness 2, spit poison 1, AC +3
a: Spit Poison


You were in a bailey.
You visited 2 branches of the dungeon, and saw 9 of its levels.
You also visited: Sewer and Bailey.

You collected 379 gold pieces.

Inventory:

Hand Weapons
 m - a cursed +4 war axe of freezing (weapon)
Armour
 e - a +0 troll leather armour {Purgy}
 v - a +0 buckler (worn)
 C - the +1 chain mail of the Valley (worn) {rPois}
   (You found it on level 5 of the Dungeon)

   It protects you from poison.
 D - a +0 cloak (worn)
Jewellery
 a - an uncursed ring of resist corrosion {unknown}
 f - a ring of wizardry (left hand)
 o - a +4 ring of evasion (right hand)
 u - an amulet of regeneration (around neck)
 y - an uncursed ring of ice
Wands
 d - a wand of polymorph (6)
 l - a wand of paralysis (4)
Scrolls
 b - 4 scrolls of teleportation
 c - a scroll of enchant armour {unknown}
 g - 5 scrolls of identify
 h - 3 scrolls of remove curse
 j - 2 scrolls of enchant weapon
 k - 2 scrolls of random uselessness {unknown}
 s - a scroll of brand weapon {unknown}
Potions
 i - 2 potions of brilliance {unknown}
 n - 2 potions of resistance
 p - 3 potions of flight
 q - 2 potions of might
 r - 2 potions of curing
 t - a potion of degeneration {unknown}
 w - 2 potions of magic {unknown}
 z - a potion of haste
 B - a potion of cancellation


   Skills:
 + Level 6.4 Fighting
 - Level 3.0 Long Blades
 * Level 7.8 Axes
 - Level 2.0 Staves
 - Level 1.0 Throwing
 + Level 5.0 Armour
 - Level 2.0 Dodging
 - Level 1.5 Stealth
 - Level 2.8 Shields
 + Level 6.2 Evocations


You had 9 spell levels left.
You didn't know any spells.
Your spell library contained the following spells:

 Spells                   Type           Power        Failure   Level
 Freeze                   Ice            0%           85%         1
 Frozen Ramparts          Ice            0%           99%         3
 Ozocubu's Armour         Ice            0%           99%         3
 Hailstorm                Conj/Ice       0%           100%        4
 Summon Ice Beast         Ice/Summ       0%           100%        4


Dungeon Overview and Level Annotations

Branches:
Dungeon (8/15)             Temple (1/1) D:7            Lair (0/6) D:8
  Sewer (visited)          Bailey (1/1)

Altars:
Ashenzari
Cheibriados
Dithmenos
Elyvilon
Fedhas
Hepliaklqana
Kikubaaqudgha
Makhleb
Nemelex Xobeh
Okawaru
Ru
Sif Muna
Trog
Uskayaw
Wu Jian
Xom
Yredelemnul
Zin
The Shining One

Annotations:
D:3 Grinder
D:6 2 transporters, Mgcat's ghost, amateur PaFi


Innate Abilities, Weirdness & Mutations

You cannot wear boots.
Your serpentine skin is tough. (AC +3)
You have supernaturally acute eyesight. (SInv)
Armour fits poorly on your strangely shaped body.
Your system is resistant to poisons. (rPois)
You cover ground very slowly.
You can spit poison.
You possess an exceptional clarity of mind.
You are somewhat resistant to further mutation.


Message History

Unknown command.
You hit the orc warrior. You freeze the orc warrior.
The orc warrior is moderately wounded.
You slash the orc warrior! You freeze the orc warrior.
The orc warrior hits you but does no damage.
The orc warrior hits you!
* * * LOW HITPOINT WARNING * * *
Unknown command.
You closely miss the orc warrior.
The orc warrior is moderately wounded.
Your chain mail of the Valley prevents you from hitting the orc warrior.
The orc warrior hits you.
* * * LOW HITPOINT WARNING * * *
The orc warrior hits you!
* * * LOW HITPOINT WARNING * * *
You fade into invisibility!
The orc warrior hits you.
* * * LOW HITPOINT WARNING * * *
The orc warrior hits you!
You die...

#......≈≈#.#.≈.....
#......(≈≈≈≈≈....#
#....(..(.(()...#
#.........((...##
#....).....((..#
#..........(..##
#..........(..#
#.........o...#
#.........@...#
#.........o...#
#.............#
#.................
...............
.....≈≈≈≈≈.....
....≈≈#.#.≈....
....≈##.∩#≈....
....≈ .^. ≈....


You could see 2 orc warriors.

Vanquished Creatures
  2 wargs (D:8)
  2 ice beasts
  2 phantoms
  Purgy (Sewer)
  4 orc warriors
  2 ogres
  2 sky beasts
  A centaur (D:8)
  2 big kobolds
  3 bullfrogs
  Blork the orc (D:5)
  A gnoll sergeant (D:6)
  A scorpion (D:2)
  8 wights
  6 howler monkeys
  An orc priest (D:6)
  3 bullfrog skeletons
  3 hounds
  9 orc wizards
  7 worker ants
  A hound skeleton (D:7)
  A worker ant zombie (D:6)
  5 gnolls
  A howler monkey skeleton (D:6)
  9 adders
  4 river rats
  2 white imps
  2 ufetubi
  An ooze (D:6)
  An adder skeleton (D:4)
  A dart slug (D:1)
  5 worms
  10 leopard geckos
  22 orcs
  A ball python (D:5)
  9 giant cockroaches
  5 goblins
  5 hobgoblins
  3 jackals (D:1)
  5 quokkas
  5 bats
  7 frilled lizards
  A jackal skeleton (D:4)
  16 kobolds
  2 quokka skeletons
  A quokka zombie (D:8)
  10 rats
196 creatures vanquished.

Vanquished Creatures (others)
  26 plants (D:7)
26 creatures vanquished.

Grand Total: 222 creatures vanquished

Notes
Turn   | Place    | Note
-------+----------+-------------------------------------------
     0 | D:1      | MajorAdolf the Naga Wanderer began the quest for the Orb.
     0 | D:1      | MajorAdolf set off with the following items: a +2 falchion,
                  | a scroll of teleportation, a +0 quarterstaff, a +0 robe
     0 | D:1      | Reached XP level 1. HP: 19/19 MP: 1/1
    34 | D:1      | Reached XP level 2. HP: 18/26 MP: 2/2
  1080 | D:2      | Reached XP level 3. HP: 30/33 MP: 3/3
  1201 | D:2      | Found a faded altar of an unknown god.
  1401 | D:2      | Reached skill level 1 in Armour
  1401 | D:2      | Reached skill level 1 in Dodging
  1723 | D:2      | Noticed a scorpion
  1738 | D:2      | Reached XP level 4. HP: 28/40 MP: 4/4
  2412 | D:2      | Reached XP level 5. HP: 41/49 MP: 5/5
  3145 | D:3      | Found a snail-covered altar of Cheibriados.
  3180 | D:3      | Noticed Grinder
  3369 | D:4      | Noticed an ogre
  3785 | D:4      | Killed an ogre
  3786 | D:4      | Reached skill level 1 in Axes
  3786 | D:4      | Reached XP level 6. HP: 35/56 MP: 6/6
  4155 | D:4      | Reached skill level 1 in Shields
  4719 | D:4      | Found a snail-covered altar of Cheibriados.
  4790 | D:5      | Entered Level 5 of the Dungeon
  4937 | D:5      | Found a glowing drain.
  4944 | Sewer    | Entered a sewer
  4967 | Sewer    | Noticed Purgy
  4981 | Sewer    | Killed Purgy
  4982 | Sewer    | Reached skill level 2 in Axes
  4982 | Sewer    | Reached XP level 7. HP: 63/63 MP: 7/7
  5228 | D:5      | Gained mutation: You possess an exceptional clarity of
                  | mind. [potion of mutation]
  5228 | D:5      | Gained mutation: You are somewhat resistant to further
                  | mutation. [potion of mutation]
  5597 | D:5      | Found a shimmering blue altar of Sif Muna.
  5611 | D:5      | Noticed Blork the orc
  5627 | D:5      | Killed Blork the orc
  6135 | D:5      | Got a polished chain mail
  6147 | D:5      | Identified the cursed +1 chain mail of the Valley {rPois}
                  | (You found it on level 5 of the Dungeon)
  6243 | D:6      | Reached skill level 3 in Axes
  6268 | D:6      | HP: 3/62 [orc warrior/+0 mace (10)]
  6381 | D:6      | Reached XP level 8. HP: 51/72 MP: 8/8
  6435 | D:6      | Found a transporter.
  6600 | D:5      | Reached skill level 4 in Axes
  6659 | D:6      | Found a transporter.
  7100 | D:6      | Noticed Mgcat's ghost (amateur PaFi)
  7294 | D:6      | Reached skill level 5 in Axes
  7358 | D:6      | Reached skill level 5 in Fighting
  7382 | D:6      | Reached XP level 9. HP: 45/81 MP: 9/9
  7540 | D:6      | Found a broken altar of Ashenzari.
  7595 | D:6      | Reached skill level 5 in Evocations
  7890 | D:7      | Reached skill level 6 in Axes
  8100 | D:7      | Found a staircase to the Ecumenical Temple.
  8164 | Temple   | Entered the Ecumenical Temple
  8828 | D:8      | Reached skill level 7 in Axes
  8890 | D:8      | Reached XP level 10. HP: 61/91 MP: 10/10
  8904 | D:8      | Found a flagged portal.
  8920 | Bailey   | Entered a bailey
  9288 | Bailey   | Reached skill level 5 in Armour
  9331 | Bailey   | Slain by an orc warrior

Illustrated notes

Levels and vault maps discovered:
D:1:      dpeg_arrival_simpleton_c, layout_basic, st_stairs_6
D:2:      layout_basic, chequers_ecumenical_altar_simple_redux, grunt_decor_cap
D:3:      layout_rooms, amcnicky_altar_gilded, uniq_grinder
D:4:      layout_gridville, lemuel_coloured_pillars_altar, minmay_small_thing
D:5:      layout_cave_pods, lemuel_crystal_altar, portal_sewer_entry_e,
          uniq_blork_the_orc
D:6:      layout_loops_ring, nicolae_ashenzari_panopticon,
          gammafunk_ghost_stat_death, bh_walls_and_bars
D:7:      wad_woods_tower, layout_loops_ring, minmay_temple_entry_waves
D:8:      layout_rooms, grunt_gozag_statues, vehumet_crystals,
          erik_lair_orcish_takeover, enter_bailey_2, cheibriados_altar_1
Temple:   nicolae_temple_elliptical
Bailey:   bailey_polearm_2, bailey

Skill      XL: |  1  2  3  4  5  6  7  8  9 10 |
---------------+-------------------------------+-----
Armour         | 1 2 3 4 5 |  5.0
Dodging        | 1 2 |  2.0
Evocations     | 2 3 4 6 |  6.2
Fighting       | 3 4 5 6 |  6.4
Axes           | 1 2 3 5 7 |  7.8
Shields        | 1 2 |  2.8
Long Blades    | |  3.0
Staves         | |  2.0
Throwing       | |  1.0
Stealth        | |  1.5

Action                   |  1- 3 |  4- 6 |  7- 9 | 10-12 || total
-------------------------+-------+-------+-------+-------++-------
Melee: Falchion          |    81 |   214 |   168 |       ||   463
       War axe           |       |       |   414 |    14 ||   428
 Abil: Spit Poison       |     2 |    10 |     8 |     2 ||    22
Evoke: Wand              |       |     2 |     3 |     2 ||     7
  Use: Potion            |       |     4 |     4 |     1 ||     9
       Scroll            |       |    12 |     6 |       ||    18
 Stab: Paralysed         |       |    11 |     9 |     4 ||    24
       Invisible         |       |       |     3 |       ||     3
Armor: Robe              |     1 |       |       |       ||     1
       Ring mail         |    27 |       |       |       ||    27
       Scale mail        |    18 |     4 |       |       ||    22
       Plate armour      |       |   133 |    39 |       ||   172
       Chain mail        |       |       |   305 |    16 ||   321
Dodge: Dodged            |    49 |    41 |   305 |    25 ||   420
Block: Buckler           |       |    30 |   123 |     9 ||   162
       Rpst.: Falchion   |    18 |    13 |    32 |       ||    63
